 Dungeon Crawl Stone Soup version 0.31-a0-188-g5e087ee2ca (webtiles) character file.

Game seed: 6692396737494266327

49 qw the Shooter (level 3, -3/20 HPs)
             Began as a Deep Elf Hunter on June 23, 2023.
             Slain by a gnoll
             ... wielding a +0 halberd
              (11 damage)
             ... on level 2 of the Dungeon.
             The game lasted 00:00:23 (1064 turns).

qw the Shooter (Deep Elf Hunter)                    Turns: 1064, Time: 00:00:24

Health: -3/20      AC:  3    Str: 10    XL:     3   Next: 51%
Magic:  5/5        EV: 12    Int: 13    God:
Gold:   50         SH:  5    Dex: 18    Spells: 2/2 levels left

rFire   . . .        Y - +0 shortbow
rCold   . . .        (shield currently unavailable)
rNeg    . . .        c - +0 leather armour
rPois   .            (no helmet)
rElec   .            (no cloak)
rCorr   .            (no gloves)
SInv    .            (no boots)
Will    .....        g - amulet of reflection
Stlth   ++           (no ring)
HPRegen 0.23/turn    (no ring)
MPRegen 0.09/turn

%: reflection
@: no status effects
A: no striking features
a: no special abilities


You were on level 2 of the Dungeon.
You visited 1 branch of the dungeon, and saw 2 of its levels.

You collected 50 gold pieces.


   Skills:
 - Level 1.5 Fighting
 + Level 7.0 Ranged Weapons
 - Level 2.4 Dodging
 - Level 1.2 Stealth


You had 2 spell levels left.
You didn't know any spells.
Your spell library was empty.

Inventory:

Hand Weapons
 Y - a +0 shortbow (weapon)
Armour
 c - a +0 leather armour (worn)
Jewellery
 g - an amulet of reflection (around neck)
Scrolls
 a - a scroll of identify
 f - a scroll of enchant armour
Potions
 h - a potion of might {unknown}
 i - a potion of enlightenment {unknown}
 j - a potion of haste {unknown}
 k - a potion of curing

Dungeon Overview and Level Annotations

Branches:
Dungeon (2/15)

Altars:


Message History

The arrow hits the jackal!
You kill the jackal!
The jackal bites you.
You shoot an arrow. The arrow closely misses the jackal.
The jackal barely misses you.
A gnoll comes into view. It is wielding a +0 halberd.
The jackal bites you but does no damage.
You shoot an arrow. The arrow closely misses the jackal.
The arrow barely misses the jackal.
You block the jackal's attack.
A gnoll comes into view. It is wielding a +0 spear.
The jackal bites you but does no damage.
You shoot an arrow. The gnoll shouts!
The arrow hits the jackal.
The jackal is severely wounded.
The jackal bites you but does no damage.
A rat comes into view.
You shoot an arrow.
The arrow hits the jackal but does no damage.
The jackal is heavily wounded.
The jackal bites you.
You shoot an arrow. The arrow hits the jackal.
You kill the jackal!
A gnoll comes into view. It is wielding a +0 halberd.
You shoot an arrow. The arrow hits the jackal.
The jackal is moderately wounded.
The jackal closely misses you. The jackal barely misses you.
The gnoll misses you.
You shoot an arrow. The arrow completely misses the jackal.
The arrow hits the gnoll but does no damage.
The jackal barely misses you.
The gnoll hits you from afar with a +0 halberd!
Ouch! That really hurt!
You shoot an arrow. The arrow closely misses the jackal.
The arrow hits the gnoll but does no damage.
The jackal barely misses you.
The gnoll hits you from afar with a +0 halberd!
Ouch! That really hurt!
You die... ...#... .#... ..... ..g rg.

#g# #h# #@#
#.# #.# #.#
#<# #.#
#.######
##.###......#
..........##.#


You could see 3 gnolls, a jackal and a rat.

Vanquished Creatures
  2 adders (D:2)
  A bat (D:1)
  2 endoplasms (D:1)
  A giant cockroach (D:1)
  2 goblins (D:1)
  2 hobgoblins (D:1)
  3 jackals (D:2)
  3 kobolds
  4 quokkas (D:1)
  4 ball pythons (D:1)
  2 frilled lizards (D:1)
  2 rats (D:2)
28 creatures vanquished.

Notes
Turn   | Place    | Note
-------+----------+-------------------------------------------
     0 | D:1      | qw the Deep Elf Hunter began the quest for the Orb.
     0 | D:1      | Reached XP level 1. HP: 12/12 MP: 3/3
     0 | D:1      | 0 ||| qw: Version: 0.3-a-9-g12657ce
     0 | D:1      | 0 ||| qw: Game counter: 3801
     0 | D:1      | 0 ||| qw: Always use a shield: true
     0 | D:1      | 0 ||| qw: God list: Okawaru
     0 | D:1      | 0 ||| qw: Allow faded altars: false
     0 | D:1      | 0 ||| qw: Do Orc after D:15 true
     0 | D:1      | 0 ||| qw: Do second Lair branch before Depths: true
     0 | D:1      | 0 ||| qw: Lair rune preference: random
     0 | D:1      | 0 ||| qw: Plans: Normal
     0 | D:1      | 0 ||| PLANNING D:1-11
   293 | D:1      | Reached skill level 6 in Ranged Weapons
   293 | D:1      | Reached XP level 2. HP: 16/16 MP: 4/4
   881 | D:1      | 881 ||| UPGRADING to amulet of regeneration.
   886 | D:1      | 886 ||| UPGRADING to amulet of reflection.
   896 | D:1      | 896 ||| DROPPING amulet of regeneration.
   897 | D:1      | 897 ||| READING 2 scrolls labelled FOSAXA DEDA.
   898 | D:1      | 898 ||| READING 2 scrolls labelled ATZEME EMUGEPP.
   899 | D:1      | 899 ||| READING scroll labelled QEOFRORR KUVOA.
   904 | D:1      | 904 ||| DRINKING 2 fizzy blue potions.
   905 | D:1      | 905 ||| DROPPING scroll of butterflies.
   983 | D:2      | Reached XP level 3. HP: 20/20 MP: 5/5
  1010 | D:2      | Reached skill level 7 in Ranged Weapons
  1010 | D:2      | 1010 ||| FLEEEEING.
  1011 | D:2      | 1011 ||| FLEEEEING.
  1012 | D:2      | 1012 ||| FLEEEEING.
  1013 | D:2      | 1013 ||| FLEEEEING.
  1014 | D:2      | 1014 ||| FLEEEEING.
  1015 | D:2      | 1015 ||| FLEEEEING.
  1016 | D:2      | 1016 ||| FLEEEEING.
  1017 | D:2      | 1017 ||| FLEEEEING.
  1018 | D:2      | 1018 ||| FLEEEEING.
  1019 | D:2      | 1019 ||| FLEEEEING.
  1020 | D:2      | 1020 ||| FLEEEEING.
  1022 | D:2      | 1022 ||| FLEEEEING.
  1024 | D:2      | 1024 ||| FLEEEEING.
  1025 | D:2      | 1025 ||| FLEEEEING.
  1026 | D:2      | 1026 ||| FLEEEEING.
  1027 | D:2      | 1027 ||| FLEEEEING.
  1028 | D:2      | 1028 ||| FLEEEEING.
  1029 | D:2      | 1029 ||| FLEEEEING.
  1030 | D:2      | 1030 ||| FLEEEEING.
  1031 | D:2      | 1031 ||| FLEEEEING.
  1033 | D:2      | 1033 ||| FLEEEEING.
  1034 | D:2      | 1034 ||| FLEEEEING.
  1035 | D:2      | 1035 ||| FLEEEEING.
  1036 | D:2      | 1036 ||| FLEEEEING.
  1037 | D:2      | 1037 ||| STAIRDANCE
  1064 | D:2      | Slain by a gnoll

Levels and vault maps discovered:
D:1:      nzn_arrival_depleted_hourglass, layout_loops_corners
D:2:      layout_loops_ring, hangedman_decor_lopped, grunt_decor_cap,
          uniq_natasha

Skill      XL: |  1  2  3 |
---------------+----------+-----
Ranged Weapons | 6 7 |  7.0
Fighting       | |  1.5
Dodging        | |  2.4
Stealth        | |  1.2

Action                     || total
---------------------------++-------
   Fire: Shortbow          ||    71
    Use: Scroll            ||     3
         Potion            ||     1
 Armour: Leather armour    ||     7
  Dodge: Dodged            ||    17
  Block: Other             ||     8

Table legend:
 A = Non-vault XP
 B = Vault XP
 C = Vault XP percentage of total XP
 D = Non-vault monster count
 E = Vault monster count
 F = Vault count percentage of total count
                 A         B        C        D         E       F
            +---------+---------+-------+---------+---------+-------
      Total |      70 |       0 |   0.0 |      28 |       0 |   0.0
            +---------+---------+-------+---------+---------+-------
        D:1 |      34 |       0 |   0.0 |      20 |       0 |   0.0
        D:2 |      36 |       0 |   0.0 |       8 |       0 |   0.0
            +---------+---------+-------+---------+---------+-------
